Map: Jagannatha LE

Players

SKillous - Winner!

  • Race: Protoss Protoss

PtitDrogo

  • Race: Protoss Protoss

Event: DreamHack SC2 Masters 2021 Winter

VOD

Have the link to the VOD?

Description

Time

  • Played on: Oct. 9, 2021, 10:57 a.m.
  • Length: 10:22

All games in this series

Show
View Real Time Build Order
Export as new Build Order

SKillous Protoss - Winner!

Build Orders:  

Get SALT Encoding   

  12  0:00  Probe  
  13  0:12  Probe  
  14  0:17  Pylon  
  14  0:25  Probe (Chrono Boost)  
  15  0:37  Probe (Chrono Boost)  
  15  0:38  Gateway  
  16  0:45  Probe (Chrono Boost)  
  16  0:46  Assimilator  
  17  0:52  Probe (Chrono Boost)  
  17  0:55  Assimilator  
  19  1:04  Probe (Chrono Boost)  
  19  1:10  Gateway  
  19  1:13  Probe (Chrono Boost)  
  20  1:19  Probe  
  21  1:27  Cybernetics Core  
  21  1:31  Probe  
  22  1:41  Pylon  
  22  1:44  Probe  
  23  1:59  Probe  
  24  2:02  Stalker  
  24  2:04  Stalker, Warp Gate (Chrono Boost)  
  28  2:11  Probe  
  29  2:18  Pylon  
  30  2:30  Pylon  
  30  2:34  Adept  
  31  2:38  Adept  
  31  2:40  Probe  
  34  3:04  Adept  
  36  3:08  Adept  
  38  3:15  Nexus  
  38  3:20  Pylon  
  38  3:23  Probe  
  39  3:38  Probe  
  40  3:45  Adept  
  40  3:46  Adept  
  40  3:48  Twilight Council  
  44  3:50  Probe  
  45  4:01  Pylon  
  45  4:03  Probe  
  46  4:15  Probe  
  41  4:25  Blink (Chrono Boost)  
  41  4:27  Probe (Chrono Boost)  
  41  4:29  Probe (Chrono Boost)  
  39  4:36  Sentry x2  
  42  4:39  Probe (Chrono Boost)  
  42  4:40  Probe (Chrono Boost)  
  42  4:41  Shield Battery  
  42  4:44  Probe (Chrono Boost)  
  44  4:45  Probe (Chrono Boost)  
  44  4:48  Forge  
  45  4:53  Probe  
  45  4:59  Stalker, Sentry  
  51  5:04  Assimilator  
  51  5:05  Probe  
  52  5:08  Shield Battery  
  51  5:17  Probe  
  51  5:20  Shield Battery  
  50  5:22  Stalker  
  50  5:23  Stalker  
  50  5:28  Probe  
  49  5:40  Probe x2  
  49  5:42  Protoss Ground Weapons Level 1 (Chrono Boost)  
  47  5:45  Stalker  
  47  5:46  Stalker  
  50  5:52  Probe  
  50  5:53  Probe  
  50  5:56  Gateway  
  52  5:58  Gateway  
  52  6:05  Probe  
  52  6:11  Stalker x2  
  56  6:13  Probe (Chrono Boost)  
  58  6:21  Probe (Chrono Boost)  
  58  6:25  Probe (Chrono Boost)  
  58  6:31  Probe (Chrono Boost)  
  60  6:35  Stalker x2  
  63  6:42  Robotics Facility  
  63  6:45  Pylon  
  63  6:57  Nexus  
  63  6:59  Probe  
  64  7:03  Stalker x2  
  64  7:05  Probe  
  69  7:10  Sentry, Pylon  
  69  7:13  Probe  
  72  7:17  Probe  
  72  7:20  Charge (Chrono Boost)  
  73  7:26  Probe  
  73  7:29  Observer (Chrono Boost), Gateway x2  
  76  7:34  Pylon  
  75  7:45  Gateway  
  75  7:47  Gateway, Templar Archives  
  75  7:50  Shield Battery  
  75  7:57  Shield Battery  
  75  7:59  Shield Battery  
  75  8:00  Pylon  
  75  8:03  Stalker  
  77  8:07  Pylon  
  77  8:28  Zealot x4, High Templar x2  
  77  8:30  Shield Battery  
  77  8:32  Archon  
  89  8:36  Gateway  
  89  8:44  Zealot x3  
  95  8:52  Zealot x3  
  93  9:04  Zealot x3  
  93  9:07  Zealot x2  
Show
View Real Time Build Order
Export as new Build Order

PtitDrogo Protoss 

Build Orders: Phoenix Opening 

Get SALT Encoding   

  12  0:00  Probe  
  13  0:12  Probe  
  14  0:17  Pylon  
  14  0:24  Probe (Chrono Boost)  
  15  0:36  Probe (Chrono Boost)  
  15  0:37  Gateway  
  16  0:44  Probe (Chrono Boost)  
  16  0:46  Assimilator  
  17  0:51  Probe  
  17  0:56  Assimilator  
  18  1:03  Probe (Chrono Boost)  
  19  1:08  Gateway  
  19  1:13  Probe (Chrono Boost)  
  20  1:18  Probe  
  21  1:25  Cybernetics Core  
  21  1:30  Probe  
  22  1:37  Pylon  
  22  1:42  Probe  
  23  1:55  Probe  
  24  2:03  Stalker, Warp Gate, Sentry  
  28  2:14  Pylon  
  28  2:26  Pylon  
  28  2:29  Stalker  
  32  2:37  Phoenix  
  30  2:45  Nexus  
  30  2:50  Probe (Chrono Boost)  
  31  2:52  Shield Battery  
  31  2:59  Probe (Chrono Boost)  
  31  3:01  Sentry x2  
  35  3:05  Probe  
  35  3:11  Pylon  
  36  3:17  Probe (Chrono Boost)  
  37  3:26  Probe (Chrono Boost)  
  38  3:32  Probe (Chrono Boost)  
  39  3:35  Robotics Facility  
  39  3:40  Shield Battery  
  39  3:47  Probe  
  40  3:51  Stalker  
  40  3:52  Stalker  
  44  4:01  Probe  
  44  4:02  Probe  
  46  4:06  Pylon  
  46  4:14  Adept  
  46  4:15  Adept  
  45  4:23  Probe  
  44  4:26  Warp Prism (Chrono Boost)  
  44  4:30  Probe  
  43  4:35  Probe (Chrono Boost)  
  43  4:36  Sentry  
  43  4:38  Sentry  
  47  4:42  Probe (Chrono Boost)  
  50  4:53  Probe (Chrono Boost)  
  50  4:54  Probe (Chrono Boost)  
  50  4:55  Observer  
  50  4:58  Probe (Chrono Boost)  
  52  5:00  Probe (Chrono Boost)  
  52  5:01  Adept  
  52  5:03  Adept  
  57  5:08  Probe  
  57  5:13  Probe  
  53  5:26  Stalker x2  
  51  5:42  Probe (Chrono Boost)  
  52  5:43  Immortal  
  52  5:49  Probe (Chrono Boost)  
  55  5:54  Adept x2, Probe (Chrono Boost)  
  55  5:56  Pylon  
  60  5:58  Twilight Council  
  60  6:00  Probe (Chrono Boost)  
  60  6:02  Probe (Chrono Boost), Forge  
  62  6:05  Assimilator  
  56  6:21  Immortal (Chrono Boost)  
  48  6:26  Adept  
  48  6:27  Adept  
  48  6:30  Probe  
  53  6:36  Gateway  
  53  6:37  Gateway  
  57  6:55  Zealot x2  
  57  6:56  Protoss Ground Weapons Level 1 (Chrono Boost)  
  57  6:57  Probe x2  
  61  7:02  Pylon  
  59  7:10  Warp Prism  
  59  7:12  Observer  
  57  7:18  Gateway  
  57  7:21  Charge (Chrono Boost)  
  57  7:23  Sentry x2  
  57  7:28  Gateway x2  
  61  7:35  Zealot x2  
  65  7:40  Observer  
  65  7:44  Pylon  
  65  7:45  Pylon  
  65  7:46  Immortal  
  65  7:48  Pylon  
  69  7:56  Zealot x3  
  75  7:59  Sentry  
  77  8:05  Templar Archives  
  76  8:18  Zealot  
  76  8:19  Zealot x3  
  84  8:24  Stalker x2  
  87  8:32  Pylon  
  87  8:38  Sentry  
  87  8:39  Zealot x2  
  93  8:42  Zealot  
  93  8:46  Zealot  
  97  9:00  Zealot x4  
  93  9:03  Probe  
  93  9:05  Probe  

Tags
 
Add a new tag
Caveats
  • Supply blocks, unpowered buildings, or Contaminate may cause inaccurate times.
  • Supply counts are checked every 10 seconds.